 Dungeon Crawl Stone Soup version 0.25-a0-782-g655279ceaa (webtiles) character file.

Game seed: 8993614331830052372, levelgen mode: deterministic

17114 Lavandula the Ripper (level 12, -1/55 HPs)
             Began as a Felid Chaos Knight on Apr 10, 2020.
             Was a Plaything of Xom.
             Killed from afar by a steam dragon (24 damage)
             ... with a ball of steam
             ... on level 3 of the Lair of Beasts on Apr 17, 2020.
             The game lasted 01:24:15 (19492 turns).

Lavandula the Ripper (Felid Chaos Knight)          Turns: 19492, Time: 01:24:15

Health: -1/55      AC:  4    Str: 12    XL:     12   Next: 16%
Magic:  0/18       EV: 28    Int: 16    God:    Xom [.....*]
Gold:   1019       SH:  0    Dex: 23    Spells: 6/18 levels left
                                        Lives:  0   Deaths: 3

rFire    . . .     SeeInvis +     - Unarmed
rCold    + + +     Gourm    .   (shield unavailable)
rNeg     . . .     Faith    .   (armour unavailable)
rPois    +         Spirit   +   (helmet unavailable)
rElec    +         Reflect  .   (cloak unavailable)
rCorr    .         Harm     .   (gloves unavailable)
MR       +....                  (boots unavailable)
Stlth    +++++++...             D - amulet of guardian spirit
HPRegen  0.18/turn              l - ring "Nedot" {Ice rPois Str+2}
MPRegen  0.16/turn              j - ring "Neriet" {rElec rF+ AC-3 Int+3} (curse)

@: very slightly contaminated, studying Stealth, quick
A: very small, no armour, no weapons or thrown items, stealth, claws 1, fangs 3,
icy blue scales 1, thin metallic scales 1, see invisible, agile 2, blink,
carnivore, cold resistance 1, speed 1, shaggy fur 3, slow metabolism 1, wild
magic 1, no potion heal 1, sharp paws
a: Blink, Renounce Religion


You were on level 3 of the Lair of Beasts.
You worshipped Xom.
You were Xom's teddy bear.
You were very full.

You visited 4 branches of the dungeon, and saw 20 of its levels.
You also visited: Gauntlet and Volcano.

You collected 1941 gold pieces.
You spent 922 gold pieces at shops.

Inventory:

Jewellery
 f - the ring "Akafreur" {rElec Int+3 Slay+1 Stlth-}
   (You found it on level 1 of the Lair of Beasts)

   [ring of slaying]

   It affects your intelligence (+3).
   It affects your accuracy and damage with ranged weapons and melee attacks
   (+1).
   It insulates you from electricity.
   It makes you less stealthy.
 h - an uncursed amulet of faith
 j - the cursed ring "Neriet" (right paw) {rElec rF+ AC-3 Int+3}
   (You found it in a Gauntlet)

   [ring of protection]

   It affects your AC (-3).
   It affects your intelligence (+3).
   It protects you from fire.
   It insulates you from electricity.
   It has a curse placed upon it.
 l - the ring "Nedot" (left paw) {Ice rPois Str+2}
   (You found it in a Gauntlet)

   [ring of ice]

   It enhances your ice magic.
   It affects your strength (+2).
   It makes you vulnerable to fire.
   It protects you from cold.
   It protects you from poison.
 p - an uncursed ring of fire
 t - an uncursed ring of protection from magic
 w - an uncursed ring of magical power
 x - an uncursed amulet of the acrobat
 C - an uncursed ring of resist corrosion
 D - an amulet of guardian spirit (around neck)
 F - an uncursed ring of positive energy
Wands
 n - a wand of clouds (7)
 y - a wand of flame (5)
 A - a wand of iceblast (9)
Scrolls
 c - 11 scrolls of remove curse
 e - 5 scrolls of teleportation
 s - 4 scrolls of blinking
 v - 6 scrolls of immolation
 G - a scroll of holy word
 I - a scroll of noise {unknown}
Potions
 b - 12 potions of curing
 d - 2 potions of mutation
 g - 3 potions of lignification
 i - 2 potions of magic
 m - 2 potions of stabbing
 o - 2 potions of brilliance
 q - 2 potions of heal wounds
 r - a potion of haste
 u - a potion of might
 z - 3 potions of flight
 B - 2 potions of resistance {unknown}
 H - a potion of berserk rage {unknown}
 J - a potion of ambrosia
Books
 E - a manual of Stealth
Miscellaneous
 k - a lightning rod (3/4)
Comestibles
 a - 28 rations


   Skills:
 + Level 7.7 Fighting
 - Level 9.8 Dodging
 - Level 14.9 Stealth
 - Level 15.3 Unarmed Combat
 - Level 3.8 Spellcasting
 - Level 3.7 Conjurations
 - Level 4.5 Necromancy
 - Level 3.3 Translocations
 - Level 4.6 Fire Magic
 - Level 3.0 Evocations


You had 6 spell levels left.
You knew the following spells:

 Your Spells              Type           Power        Failure   Level  Hunger
a - Blink                 Tloc           N/A          10%         2    ##.....
b - Mephitic Cloud        Conj/Pois/Air  #.......     38%         3    ###....
c - Animate Skeleton      Necr           N/A          4%          1    None
d - Conjure Flame         Conj/Fire      ###.....     13%         3    ###....
e - Vampiric Draining     Necr           ###.......   13%         3    ###....

Your spell library contained the following spells:

 Spells                   Type           Power        Failure   Level  Hunger
 Pain                     Necr           ###.         4%          1    None
 Magic Dart               Conj           ###.         6%          1    None
 Gell's Gravitas          Tloc           ###.......   19%         3    ###....
 Call Imp                 Summ           #.......     34%         2    ##.....
 Slow                     Hex            #.......     34%         2    ##.....
 Animate Dead             Necr           N/A          34%         4    ####...
 Agony                    Necr           ###.....     67%         5    ######.
 Dispersal                Tloc           ###.......   100%        6    #######
 Controlled Blink         Tloc           N/A          100%        8    #######
 Disjunction              Tloc           ###.......   100%        8    #######
 Portal Projectile        Hex/Tloc       Unusable     N/A         3    N/A

Dungeon Overview and Level Annotations

Branches:
Dungeon (15/15)            Temple (1/1) D:5            Lair (3/6) D:11
 Spider (0/4) Lair:2          Orc (1/2) D:9         Volcano (visited)
Gauntlet (visited)
  Swamp: Lair:2-4    Shoals: Lair:2-4    Vaults: D:13-14     Depths: D:15

Altars:
Ashenzari
Cheibriados
Dithmenos
Elyvilon
Fedhas
Gozag
Kikubaaqudgha
Makhleb
Nemelex Xobeh
Okawaru
Qazlal
Ru
Sif Muna
Trog
Uskayaw
Vehumet
Wu Jian
Xom
Yredelemnul
Zin
The Shining One
Beogh

Shops:
D:4 [   D:10 *   D:11 [   D:12 !

Annotations:
D:11 exclusion: downstairs
D:12 Nergalle


Innate Abilities, Weirdness & Mutations

You cannot wear armour.
You are incapable of wielding weapons or throwing items.
Your paws allow you to move quietly. (Stealth)
You have sharp claws.
You have razor-sharp teeth.
You have supernaturally acute eyesight. (SInv)
You are carnivorous and can eat meat at any time.
You cover ground quickly.
Your thick and shaggy fur keeps you warm. (AC +3, rC+)
You have a slow metabolism.
Your sharp claws are effective at attacking unaware monsters.
You are partially covered in icy blue scales. (AC +2)
You are partially covered in thin metallic scales. (AC +2)
You are very agile. (Dex +4)
You can translocate small distances at will.
Your flesh is cold resistant. (rC+)
Your spells are a little harder to cast, but a little more powerful.
Potions are less effective at restoring your health.


Message History

Your water moccasin skeleton bites the steam dragon.
Casting: Vampiric Draining (safe; 13% risk of failure)
Confirm with . or Enter, or press ? or * to list all spells.
Aiming: Vampiric Draining (safe; 13% risk of failure)
Press: ? - help, Shift-Dir - straight line, f/p - steam dragon
Aim: a steam dragon (moderately wounded, catching its breath)
The steam dragon is heavily wounded.
You feel life coursing into your body.
You are engulfed in a cloud of scalding steam.
You emit a cloud of colourful smoke!
Your water moccasin skeleton closely misses the steam dragon.
The steam dragon closely misses you. The steam dragon misses you.
You barely miss the steam dragon.
The steam dragon is heavily wounded.
Your water moccasin skeleton bites the steam dragon.
You scratch the steam dragon but do no damage.
The steam dragon is severely wounded.
The steam dragon breathes steam at you. The ball of steam hits you!!
You die...

##......##
##......#
#.###..#### ###
##....###
##........#
###§.......##
##§§†§Z.......
#..§.D§.......
##.§@§.......>
#..§§......?.
#P............
#............
#.............
##............∆
##..........
...........


You could see a steam dragon and a friendly water moccasin skeleton.

Vanquished Creatures
  Erolcha (D:12)
  A rakshasa (D:12)
  A hydra (D:13)
  2 two-headed ogres
  A centaur warrior (Volcano)
  Sonja (D:12)
  A hell knight (Volcano)
  3 skeletal warriors (D:13)
  A wizard (D:14)
  A wolf spider zombie (D:14)
  2 deep elf magi
  A cyclops (D:11)
  An ugly thing (D:11)
  2 manticores
  3 spiny frogs
  2 gargoyles
  A black mamba (Lair:2)
  A molten gargoyle (Volcano)
  3 yaktaurs (Volcano)
  A kobold demonologist (D:14)
  2 komodo dragons
  2 rime drakes
  2 efreet
  A meliai (shapeshifter) (Gauntlet)
  5 trolls
  A harpy skeleton (D:14)
  A raiju (shapeshifter) (Gauntlet)
  6 blink frogs
  4 hippogriffs
  Sigmund (D:6)
  A vampire (D:11)
  3 fire bats (Gauntlet)
  A shadow (D:12)
  4 wyverns
  15 yaks
  2 wraiths
  A hungry ghost (D:8)
  A basilisk (D:14)
  A human (D:9)
  Edmund (D:6)
  2 fire elementals
  A warg (Lair:3)
  An acid dragon (D:13)
  A soldier ant (Gauntlet)
  4 hell hounds
  A water moccasin (D:8)
  3 porcupines
  7 orc warriors
  3 ice beasts
  3 phantoms
  A black bear (shapeshifter) (Lair:1)
  A black bear (D:8)
  An eye of draining (D:12)
  4 necrophages
  A sky beast (D:8)
  5 centaurs
  A tengu (D:12)
  8 ogres
  5 wolves (Lair:1)
  A crocodile (D:9)
  8 big kobolds
  8 bullfrogs
  A gnoll sergeant (D:13)
  2 wyvern skeletons
  10 scorpions
  A water moccasin skeleton (D:12)
  12 killer bees
  13 wights
  5 howler monkeys
  A bullfrog zombie (D:12)
  3 centaur zombies
  3 crimson imps
  4 hounds
  8 orc priests
  3 centaur skeletons
  5 jellies
  9 orc wizards
  3 bullfrog skeletons
  6 iguanas
  10 worker ants
  A killer bee zombie (D:10)
  A howler monkey zombie (D:5)
  9 gnolls
  17 adders
  7 river rats (D:5)
  9 shadow imps
  An ooze (D:2)
  2 adder skeletons
  2 worms
  5 dart slugs
  6 leopard geckos
  58 orcs
  3 ball pythons
  7 bats
  A giant cockroach (D:2)
  6 goblins
  8 hobgoblins
  10 jackals
  48 kobolds
  8 quokkas
  7 frilled lizards
  5 kobold skeletons (D:8)
  12 kobold zombies (D:8)
  A quokka skeleton (D:4)
  23 rats
511 creatures vanquished.

Vanquished Creatures (collateral kills)
  A komodo dragon (Lair:2)
  A blink frog (Lair:1)
  A snapping turtle (shapeshifter) (Lair:1)
  13 yaks
  A black bear (D:11)
  A bullfrog (D:10)
  A killer bee (D:12)
  An orc priest (D:5)
  A river rat (D:5)
  A leopard gecko (D:5)
  An orc (D:11)
  2 quokkas (D:5)
  A rat (D:5)
26 creatures vanquished.

Vanquished Creatures (others)
  A dancing weapon (D:5)
  A hell hog (Gauntlet)
  3 orcs
  A fungus (Lair:1)
6 creatures vanquished.

Grand Total: 543 creatures vanquished

Notes
Turn   | Place    | Note
-------+----------+-------------------------------------------
     0 | D:1      | Lavandula the Felid Chaos Knight began the quest for the
                  | Orb.
     0 | D:1      | Reached XP level 1. HP: 10/10 MP: 2/2
   249 | D:1      | XOM is BORED!
   249 | D:1      | XOM: silly message
   330 | D:1      | XOM: silly message
   434 | D:1      | XOM: divination: magic mapping
   561 | D:1      | Reached XP level 2. HP: 9/14 MP: 3/3
   634 | D:1      | XOM: harmless Summ miscast
   805 | D:1      | XOM: butterfly on damage
  1166 | D:2      | XOM: butterfly on damage
  1408 | D:2      | XOM: give mutations
  1408 | D:2      | Gained mutation: You are dopey. (Int -2) [Xom's mischief]
  1408 | D:2      | Gained mutation: You occasionally shout uncontrollably at
                  | your foes. [Xom's mischief]
  1408 | D:2      | Gained mutation: Your body sometimes deteriorates upon
                  | taking damage. [Xom's mischief]
  1418 | D:2      | Reached skill level 4 in Unarmed Combat
  1420 | D:2      | XOM: 4-stop teleportation journey
  1473 | D:2      | XOM: chaos upgrade
  1671 | D:1      | XOM: harmless Ice miscast
  1692 | D:1      | XOM: harmless Tloc miscast
  1699 | D:1      | Reached XP level 3. HP: 17/17 MP: 4/4
  1918 | D:2      | XOM: cloud trail
  1945 | D:2      | Reached XP level 4. HP: 21/21 MP: 5/5
  1953 | D:2      | XOM: divination: detect items
  1988 | D:2      | XOM: mild Summ miscast
  2251 | D:2      | Reached skill level 5 in Unarmed Combat
  2738 | D:2      | XOM: medium Tmut miscast
  2782 | D:3      | Gained mutation: Your spells are a little easier to cast,
                  | but a little less powerful. [mutagenic glow]
  2803 | D:3      | XOM: polymorph adder -> ball python
  2813 | D:3      | Gained mutation: You are frail. (-10% HP) [mutagenic glow]
  2867 | D:3      | XOM: god gift: lightning rod (4/4)
  2875 | D:3      | Gained mutation: You are very dopey. (Int -4) [mutagenic
                  | glow]
  2996 | D:3      | XOM: god gift: glowing rapier {god gift}
  3005 | D:3      | Reached XP level 5. HP: 21/21 MP: 6/6
  3394 | D:3      | XOM: scenery: create altars
  3409 | D:3      | XOM: harmless Erth miscast
  3477 | D:3      | XOM: harmless Air miscast
  3522 | D:3      | XOM: silly message
  3617 | D:3      | Reached skill level 1 in Evocations
  3624 | D:3      | XOM: medium Necr miscast
  3625 | D:3      | Noticed a shadow
  3625 | D:3      | Noticed a shadow
  3749 | D:3      | XOM: scenery: create altars
  3802 | D:3      | XOM: divination: detect items
  3861 | D:3      | XOM: give mutations
  3861 | D:3      | Gained mutation: You possess an exceptional clarity of
                  | mind. [Xom's grace]
  3861 | D:3      | Lost mutation: You are very dopey. (Int -4) [Xom's grace]
  3861 | D:3      | Gained mutation: You have a pair of small horns on your
                  | head. [Xom's grace]
  3861 | D:3      | Gained mutation: You are agile. (Dex +2) [Xom's grace]
  4007 | D:4      | Found Pusischio's Armour Shoppe.
  4057 | D:4      | Reached skill level 6 in Unarmed Combat
  4075 | D:4      | Gained mutation: You are covered in thick fur. (AC +2)
                  | [Felid growth]
  4075 | D:4      | Reached XP level 6. HP: 14/25 MP: 9/9
  4129 | D:4      | XOM: divination: detect items
  4184 | D:4      | XOM: give mutations
  4184 | D:4      | Lost mutation: You are frail. (-10% HP) [Xom's grace]
  4184 | D:4      | Gained mutation: You are partially covered in molten
                  | scales. (AC +2) [Xom's grace]
  4184 | D:4      | Gained mutation: You are resistant to hostile enchantments.
                  | (MR+) [Xom's grace]
  4184 | D:4      | Gained mutation: You evolve. [Xom's grace]
  4280 | D:4      | Noticed a slave
  4280 | D:4      | Noticed a slave
  4281 | D:4      | Noticed a slave
  4296 | D:4      | XOM: cast spell 'Cause Fear'
  4303 | D:5      | Entered Level 5 of the Dungeon
  4303 | D:5      | Noticed an ice beast
  4306 | D:5      | Killed an ice beast
  4317 | D:5      | XOM: enchant monster (good)
  4323 | D:5      | Reached skill level 7 in Unarmed Combat
  4451 | D:5      | XOM: 1-stop teleportation journey
  4512 | D:5      | XOM: god gift: 11 stones
  4549 | D:5      | XOM: god gift: 12 gold pieces
  4570 | D:5      | Reached XP level 7. HP: 21/31 MP: 10/10
  4571 | D:5      | XOM: enchant monster (good)
  4666 | D:5      | XOM: god gift: 32 gold pieces
  4675 | D:5      | XOM: give mutations
  4675 | D:5      | Gained mutation: You are very agile. (Dex +4) [Xom's grace]
  4675 | D:5      | Gained mutation: You are partially covered in thin metallic
                  | scales. (AC +2) [Xom's grace]
  4675 | D:5      | Gained mutation: You are surrounded by a mild repulsion
                  | field. (EV +2) [Xom's grace]
  4675 | D:5      | Gained mutation: You can translocate small distances at
                  | will. [Xom's grace]
  4734 | D:5      | XOM: smoke on damage
  4872 | D:4      | Reached skill level 5 in Dodging
  4974 | D:5      | XOM: give mutations
  4974 | D:5      | Gained mutation: You are highly resistant to hostile
                  | enchantments. (MR++) [Xom's grace]
  4974 | D:5      | Gained mutation: Your flesh is cold resistant. (rC+) [Xom's
                  | grace]
  4974 | D:5      | Gained mutation: You expend magic power (3 MP) to
                  | strengthen your wands. [Xom's grace]
  4974 | D:5      | Gained mutation: You have a pair of horns on your head.
                  | [Xom's grace]
  5002 | D:5      | Found a staircase to the Ecumenical Temple.
  5019 | D:5      | XOM: summons friendly shadow imp
  5067 | D:5      | XOM: potion effect (brilliance)
  5208 | D:5      | XOM: 3-stop teleportation journey
  5353 | D:5      | XOM: summons 3 hostile demons
  5487 | D:5      | Noticed a troll
  5497 | D:5      | Killed a troll
  5497 | D:5      | Reached XP level 8. HP: 34/34 MP: 11/11
  5554 | D:5      | Upgraded the game from 0.25-a0-734-g73332aeda9 to
                  | 0.25-a0-766-g0ecfff5982
  5563 | Temple   | Entered the Ecumenical Temple
  5586 | Temple   | Lost mutation: You are dopey. (Int -2) [evolution]
  5762 | D:6      | XOM: confuse monster(s)
  5775 | D:6      | Noticed Sigmund
  5782 | D:6      | Killed Sigmund
  5782 | D:6      | Reached skill level 8 in Unarmed Combat
  5830 | D:6      | Found a glowing silver altar of Zin.
  5878 | D:6      | XOM: god gift: 11 gold pieces
  5892 | D:6      | XOM: enchant monster (good)
  5903 | D:6      | Reached skill level 9 in Unarmed Combat
  5990 | D:6      | XOM: god gift: 480 gold pieces
  6013 | D:6      | XOM: summons 2 friendly demons
  6191 | D:6      | Reached XP level 9. HP: 37/37 MP: 12/12
  6217 | D:6      | XOM: silly message
  6226 | D:6      | XOM: summons friendly iron imp
  6330 | D:6      | Noticed Edmund
  6351 | D:6      | Killed Edmund
  6521 | D:7      | XOM: enchant monster (bad)
  6528 | D:7      | Reached skill level 10 in Unarmed Combat
  6716 | D:7      | Reached skill level 1 in Stealth
  6717 | D:7      | XOM: enchant monster (bad)
  6953 | D:7      | XOM: potion effect (brilliance)
  6969 | D:7      | XOM: give mutations
  6969 | D:7      | Lost mutation: You are partially covered in molten scales.
                  | (AC +2) [Xom's mischief]
  6969 | D:7      | Lost mutation: Your spells are a little easier to cast, but
                  | a little less powerful. [Xom's mischief]
  6969 | D:7      | Lost mutation: You evolve. [Xom's mischief]
  7016 | D:7      | XOM: cloud trail
  7019 | D:7      | XOM: torment (19/37 hp)
  7118 | D:8      | Reached skill level 5 in Stealth
  7122 | D:8      | XOM: polymorph worker ant -> porcupine
  7218 | D:8      | Noticed a two-headed ogre
  7223 | D:8      | Killed a two-headed ogre
  7232 | D:8      | XOM: enchant monster (bad)
  7235 | D:8      | XOM: noise
  7245 | D:8      | XOM: confuse monster(s)
  7256 | D:8      | Reached XP level 10. HP: 19/42 MP: 13/13
  7346 | D:8      | Found a sacrificial altar of Ru.
  7346 | D:8      | Found a bloodstained altar of Trog.
  7346 | D:8      | Found a blossoming altar of Fedhas.
  7388 | D:8      | XOM: divination: magic mapping
  7432 | D:8      | Reached skill level 10 in Stealth
  7482 | D:8      | XOM: give mutations
  7482 | D:8      | Lost mutation: You have a pair of horns on your head.
                  | [Xom's mischief]
  7482 | D:8      | Lost mutation: You possess an exceptional clarity of mind.
                  | [Xom's mischief]
  7482 | D:8      | Lost mutation: You are highly resistant to hostile
                  | enchantments. (MR++) [Xom's mischief]
  7486 | D:8      | XOM: summons 5 hostile demons
  7487 | D:8      | Noticed a smoke demon
  7490 | D:8      | Killed from afar by a smoke demon
  7491 | D:8      | Reached XP level 9. HP: -2/37 MP: 12/12
  7494 | D:8      | XOM: confusion
  7496 | D:8      | XOM: cast spell 'Alistair's Intoxication'
  7570 | D:8      | XOM: silly message
  7597 | D:8      | XOM: confuse monster(s)
  7810 | D:8      | Noticed a kobold demonologist
  7926 | D:9      | Found a blossoming altar of Fedhas.
  8042 | D:9      | XOM: potion effect (might)
  8065 | D:9      | XOM: potion effect (stabbing)
  8222 | D:8      | XOM: 1-stop teleportation journey
  8337 | D:8      | XOM: silly message
  8346 | D:8      | Found an ancient bone altar of Kikubaaqudgha.
  8608 | D:9      | Found a staircase to the Orcish Mines.
  8625 | D:9      | XOM: noise
  8665 | D:9      | Noticed a troll
  8762 | D:9      | XOM: noise
  8764 | D:9      | XOM: give mutations
  8764 | D:9      | Gained mutation: You passively map a small area around you.
                  | [Xom's mischief]
  8764 | D:9      | Lost mutation: You expend magic power (3 MP) to strengthen
                  | your wands. [Xom's mischief]
  8772 | D:9      | Reached skill level 5 in Fighting
  8772 | D:9      | Reached XP level 10. HP: 34/44 MP: 13/13
  8776 | D:9      | XOM: noise
  8832 | D:9      | XOM: summons 4 friendly demons
  8849 | D:9      | XOM: divination: detect creatures
  8862 | D:9      | XOM: polymorph orc warrior -> scorpion
  8884 | D:9      | XOM: 2-stop teleportation journey
  8894 | D:9      | XOM: destruction
  8909 | D:9      | XOM: summons 5 friendly demons
  8916 | D:9      | XOM: cleaving
  8919 | D:9      | XOM: scenery: create altars
  8924 | D:9      | XOM: summons 5 friendly demons
  9063 | D:9      | Learned a level 2 spell: Blink
  9067 | D:9      | Learned a level 3 spell: Mephitic Cloud
  9069 | D:9      | Learned a level 1 spell: Animate Skeleton
  9073 | D:9      | Learned a level 3 spell: Conjure Flame
  9507 | D:9      | Reached skill level 1 in Spellcasting
  9862 | D:10     | Entered Level 10 of the Dungeon
  9867 | D:9      | XOM: give mutations
  9867 | D:9      | Gained mutation: You are partially covered in large bone
                  | plates. (SH +4) [Xom's grace]
  9867 | D:9      | Gained mutation: Your mind is acute. (Int +2) [Xom's grace]
 10155 | D:10     | Found Guaxki's Assorted Antiques.
 10163 | D:10     | XOM: summons 4 friendly demons
 10240 | D:10     | Bought a scroll of teleportation for 75 gold pieces
 10240 | D:10     | Bought a scroll of remove curse for 75 gold pieces
 10240 | D:10     | Bought a potion of curing for 75 gold pieces
 10240 | D:10     | Bought a brass ring for 125 gold pieces
 10258 | D:10     | Noticed a four-headed hydra
 10267 | D:10     | XOM: cast spell 'Cause Fear'
 10296 | D:10     | XOM: fog
 10406 | D:9      | XOM: torment (20/45 hp)
 10725 | D:10     | XOM: 2-stop teleportation journey
 10751 | D:10     | XOM: butterfly on damage
 10767 | D:10     | XOM: potion effect (might)
 10883 | D:10     | Reached skill level 1 in Conjurations
 11182 | D:11     | Noticed a cyclops
 11188 | D:11     | XOM: destruction
 11189 | D:11     | XOM: cast spell 'Death Channel'
 11198 | D:11     | XOM: polymorph yak -> black bear
 11199 | D:11     | XOM: summons 3 friendly demons
 11203 | D:11     | XOM: confusion
 11208 | D:11     | XOM: chaos cloud
 11214 | D:11     | Killed a cyclops
 11216 | D:11     | Paralysed by you for 3 turns
 11232 | D:11     | XOM: enchant monster (bad)
 11395 | D:11     | Reached skill level 11 in Unarmed Combat
 11425 | D:11     | Reached XP level 11. HP: 30/48 MP: 17/17
 11446 | D:11     | XOM: enchant monster (bad)
 11778 | D:11     | Found Qoppass's Armour Emporium.
 11783 | D:11     | XOM: chaos upgrade
 12117 | D:11     | Found a staircase to the Lair.
 12252 | D:11     | Noticed a white ugly thing
 12259 | D:11     | Killed a white ugly thing
 12422 | D:12     | Noticed a deep elf mage
 12429 | D:12     | Killed a deep elf mage
 12429 | D:12     | Reached skill level 12 in Unarmed Combat
 12436 | D:12     | XOM: silly message
 12459 | D:12     | Noticed Sonja
 12516 | D:12     | Killed Sonja
 12528 | D:12     | Noticed a two-headed ogre
 12534 | D:12     | XOM: blink monster(s)
 12537 | D:12     | XOM: silly message
 12608 | D:11     | XOM: give mutations
 12608 | D:11     | Lost mutation: You have a pair of small horns on your head.
                  | [Xom's mischief]
 12608 | D:11     | Lost mutation: You occasionally shout uncontrollably at
                  | your foes. [Xom's mischief]
 12608 | D:11     | Lost mutation: You are resistant to hostile enchantments.
                  | (MR+) [Xom's mischief]
 12608 | D:11     | Lost mutation: Your body sometimes deteriorates upon taking
                  | damage. [Xom's mischief]
 12690 | D:12     | XOM: stat loss: -1 Int (14/15)
 12698 | D:12     | XOM: enchant monster (bad)
 12721 | D:12     | Noticed Erolcha
 12731 | D:12     | Noticed Azrael
 12734 | D:12     | Killed Erolcha
 12734 | D:12     | Reached skill level 13 in Unarmed Combat
 12739 | D:12     | Noticed Azrael
 12739 | D:12     | Azrael changed into Azrael the rakshasa
 12739 | D:12     | XOM: polymorph Azrael -> Azrael the rakshasa
 12918 | D:12     | XOM: noise
 12924 | D:12     | XOM: swap monsters
 12929 | D:12     | Killed a two-headed ogre
 12975 | D:12     | XOM: polymorph soldier ant -> tengu
 12977 | D:12     | XOM: smoke on damage
 13017 | D:12     | Found Tesibb's Distillery.
 13039 | D:12     | Bought a potion of degeneration for 13 gold pieces
 13039 | D:12     | Bought a potion of ambrosia for 104 gold pieces
 13039 | D:12     | Bought a potion of curing for 39 gold pieces
 13039 | D:12     | Bought a potion of heal wounds for 65 gold pieces
 13039 | D:12     | Bought a potion of heal wounds for 65 gold pieces
 13039 | D:12     | Bought a potion of heal wounds for 65 gold pieces
 13039 | D:12     | Bought a potion of curing for 39 gold pieces
 13039 | D:12     | Bought a potion of mutation for 104 gold pieces
 13039 | D:12     | Bought a potion of curing for 39 gold pieces
 13039 | D:12     | Bought a potion of curing for 39 gold pieces
 13118 | D:12     | XOM: enchant monster (bad)
 13129 | D:12     | XOM: summons friendly white imp
 13136 | D:12     | XOM: give mutations
 13136 | D:12     | Lost mutation: You are surrounded by a mild repulsion
                  | field. (EV +2) [Xom's mischief]
 13136 | D:12     | Lost mutation: You are partially covered in large bone
                  | plates. (SH +4) [Xom's mischief]
 13136 | D:12     | Lost mutation: Your flesh is cold resistant. (rC+) [Xom's
                  | mischief]
 13136 | D:12     | Lost mutation: You passively map a small area around you.
                  | [Xom's mischief]
 13137 | D:12     | XOM: stat loss: -1 Int (14/15)
 13142 | D:12     | Killed Azrael the rakshasa
 13431 | D:12     | Noticed Nergalle
 13448 | D:12     | XOM: summons 3 hostile shadow creatures
 13489 | D:13     | XOM: confusion (+ monsters)
 13519 | D:13     | Identified a scroll of acquirement
 13605 | D:13     | Found a gate leading to a gauntlet.
 13613 | Gauntlet | Entered a Gauntlet
 13613 | Gauntlet | Found a transporter.
 13618 | Gauntlet | Found a transporter.
 13619 | Gauntlet | Found a transporter.
 13623 | Gauntlet | Found a transporter.
 13624 | Gauntlet | Found a transporter.
 13626 | Gauntlet | Found a transporter.
 13626 | Gauntlet | Noticed a hell hog
 13627 | Gauntlet | Noticed a catoblepas
 13642 | Gauntlet | Found a transporter.
 13645 | Gauntlet | Found a transporter.
 13704 | Gauntlet | XOM: stat loss: -1 Int (14/15)
 13782 | Gauntlet | XOM: blink monster(s)
 13787 | Gauntlet | XOM: confusion (+ monsters)
 13790 | Gauntlet | XOM: stat loss: -1 Str (8/9)
 13799 | Gauntlet | XOM: blink monster(s)
 13818 | Gauntlet | XOM: polymorph fire bat -> soldier ant
 13829 | Gauntlet | Killed a hell hog
 13829 | Gauntlet | Reached skill level 14 in Unarmed Combat
 13834 | Gauntlet | Gained mutation: Your thick and shaggy fur keeps you warm.
                  | (AC +3, rC+) [Felid growth]
 13834 | Gauntlet | Reached XP level 12. HP: 31/51 MP: 18/18
 13841 | Gauntlet | Got a scorched amber ring
 13843 | Gauntlet | Identified the cursed ring "Neriet" {rElec rF+ AC-3 Int+3}
                  | (You found it in a Gauntlet)
 13849 | Gauntlet | Got a glittering copper ring
 13851 | Gauntlet | Identified the ring "Nedot" {Ice rPois Str+2} (You found it
                  | in a Gauntlet)
 13899 | Gauntlet | Noticed a sphinx
 13901 | Gauntlet | a sphinx changed into an iron troll
 13902 | Gauntlet | Noticed a stone giant
 13902 | Gauntlet | an iron troll changed into a stone giant
 13907 | Gauntlet | Noticed a shadow dragon
 13907 | Gauntlet | a stone giant changed into a shadow dragon
 13909 | Gauntlet | Noticed a caustic shrike
 13909 | Gauntlet | a shadow dragon changed into a caustic shrike
 13915 | Gauntlet | Noticed a titan
 13915 | Gauntlet | a caustic shrike changed into a titan
 13919 | Gauntlet | Noticed a shard shrike
 13919 | Gauntlet | a titan changed into a shard shrike
 13925 | Gauntlet | Noticed a juggernaut
 13925 | Gauntlet | a shard shrike changed into a juggernaut
 13927 | Gauntlet | Noticed a shard shrike
 13927 | Gauntlet | a juggernaut changed into a shard shrike
 13929 | Gauntlet | Noticed a titan
 13929 | Gauntlet | a shard shrike changed into a titan
 13934 | Gauntlet | Noticed a juggernaut
 13934 | Gauntlet | a titan changed into a juggernaut
 13936 | Gauntlet | Noticed a titan
 13936 | Gauntlet | a juggernaut changed into a titan
 13937 | Gauntlet | Noticed a juggernaut
 13937 | Gauntlet | a titan changed into a juggernaut
 13940 | Gauntlet | Noticed an acid blob
 13940 | Gauntlet | a juggernaut changed into an acid blob
 13944 | Gauntlet | XOM: draining
 13946 | Gauntlet | Noticed an iron dragon
 13946 | Gauntlet | an acid blob changed into an iron dragon
 13948 | Gauntlet | Noticed a shadow dragon
 13948 | Gauntlet | an iron dragon changed into a shadow dragon
 13950 | Gauntlet | Noticed a sphinx
 13950 | Gauntlet | a shadow dragon changed into a sphinx
 13955 | Gauntlet | Noticed a fire giant
 13955 | Gauntlet | a sphinx changed into a fire giant
 13960 | Gauntlet | Noticed an azure jelly
 13960 | Gauntlet | a fire giant changed into an azure jelly
 13962 | Gauntlet | XOM: confusion
 13965 | Gauntlet | Noticed an emperor scorpion
 13965 | Gauntlet | an azure jelly changed into an emperor scorpion
 13966 | Gauntlet | XOM: polymorph ogre -> shapeshifter
 13967 | Gauntlet | Noticed a catoblepas
 13967 | Gauntlet | an emperor scorpion changed into a catoblepas
 13970 | Gauntlet | Noticed a death yak
 13970 | Gauntlet | a catoblepas changed into a death yak
 13980 | Gauntlet | Found a runed translucent door.
 13991 | Gauntlet | Noticed a minotaur
 13993 | Gauntlet | Noticed a fire giant
 13993 | Gauntlet | Hit by a silver javelin thrown by a minotaur
 13994 | Gauntlet | Reached XP level 11. HP: -17/48 MP: 14/17
 14031 | Gauntlet | Noticed an azure jelly
 14041 | Gauntlet | Noticed a death yak
 14041 | Gauntlet | an azure jelly changed into a death yak
 14043 | Gauntlet | Noticed a ghost moth
 14050 | Gauntlet | Noticed a ghost moth
 14050 | Gauntlet | a minotaur changed into a ghost moth
 14050 | Gauntlet | XOM: polymorph minotaur -> ghost moth
 14064 | Gauntlet | XOM: divination: magic mapping
 14067 | Gauntlet | XOM: fake destruction
 14246 | D:13     | Noticed a deep elf mage
 14253 | D:13     | Killed a deep elf mage
 14258 | D:13     | XOM: divination: magic mapping
 14261 | D:13     | XOM: noise
 14334 | D:13     | XOM: give mutations
 14334 | D:13     | Gained mutation: Your flesh is cold resistant. (rC+) [Xom's
                  | grace]
 14334 | D:13     | Gained mutation: Your spells are a little harder to cast,
                  | but a little more powerful. [Xom's grace]
 14344 | D:13     | XOM: god gift: runed short sword {god gift}
 14668 | D:13     | XOM: butterfly on damage
 14859 | D:13     | Noticed a catoblepas
 14866 | D:13     | XOM: destruction
 14914 | D:13     | Noticed a four-headed hydra
 14964 | D:13     | Noticed a skeletal warrior
 14965 | D:13     | Noticed a skeletal warrior
 14966 | D:13     | Noticed a skeletal warrior
 14973 | D:13     | XOM: summons 3 friendly demons
 14979 | D:13     | XOM: polymorph iron imp -> hellwing
 14986 | D:13     | XOM: silly message
 14995 | D:13     | XOM: enchant monster (bad)
 14999 | D:13     | XOM: potion effect (invisibility)
 15001 | D:13     | Killed a skeletal warrior
 15009 | D:13     | Killed a skeletal warrior
 15037 | D:13     | Killed a skeletal warrior
 15037 | D:13     | Reached skill level 15 in Unarmed Combat
 15279 | D:14     | XOM: cast spell 'Summon Butterflies'
 15335 | D:14     | Noticed a wizard
 15342 | D:14     | Killed a wizard
 15360 | D:14     | XOM: divination: magic mapping
 15396 | D:14     | XOM: noise
 15397 | D:14     | Reached skill level 1 in Fire Magic
 15409 | D:14     | XOM: silly message
 15426 | D:14     | Noticed a +2 long sword
 15593 | D:14     | XOM: divination: detect items
 15608 | D:14     | Noticed a purple ugly thing
 15640 | D:14     | Noticed a +3 long sword
 15657 | D:14     | XOM: silly message
 15687 | D:15     | Entered Level 15 of the Dungeon
 15706 | D:14     | XOM: enchant monster (good)
 15707 | D:14     | XOM: confuse monster(s)
 15710 | D:14     | XOM: confuse monster(s)
 15762 | D:13     | XOM: confuse monster(s)
 15770 | D:13     | XOM: cast spell 'Ring of Flames'
 15778 | D:13     | Killed a four-headed hydra
 15778 | D:13     | Reached XP level 12. HP: 34/51 MP: 18/18
 15788 | D:13     | XOM: summons 3 friendly demons
 15800 | D:13     | XOM: confusion
 15802 | D:13     | XOM: stat loss: -1 Int (17/18)
 15852 | Lair:1   | Entered Level 1 of the Lair of Beasts
 15867 | Lair:1   | XOM: give mutation
 15867 | Lair:1   | Lost mutation: Your mind is acute. (Int +2) [Xom's
                  | mischief]
 15881 | Lair:1   | XOM: polymorph butterfly -> quokka
 15906 | Lair:1   | XOM: cleaving
 15916 | Lair:1   | XOM: cast spell 'Discord'
 15921 | Lair:1   | XOM: fog
 15926 | Lair:1   | XOM: polymorph blink frog -> glowing shapeshifter
 15930 | Lair:1   | Gained mutation: Potions are less effective at restoring
                  | your health. [a shining eye]
 15931 | Lair:1   | Slain by a blink frog
 15932 | Lair:1   | Reached XP level 11. HP: -5/48 MP: 8/17
 15940 | Lair:1   | XOM: confuse monster(s)
 15947 | Lair:1   | XOM: confuse monster(s)
 16043 | Lair:1   | XOM: silly message
 16222 | Lair:1   | XOM: smoke on damage
 16273 | D:11     | Upgraded the game from 0.25-a0-766-g0ecfff5982 to
                  | 0.25-a0-782-g655279ceaa
 16579 | Orc:1    | Entered Level 1 of the Orcish Mines
 16625 | Orc:1    | XOM: scenery: create altars
 16674 | Orc:1    | XOM: butterfly on damage
 16686 | D:9      | Learned a level 3 spell: Vampiric Draining
 16903 | Orc:1    | Found a roughly hewn altar of Beogh.
 16947 | Orc:1    | Noticed an orc sorcerer
 17054 | Lair:1   | Got a faintly glowing iron ring
 17082 | Lair:1   | XOM: give mutations
 17082 | Lair:1   | Gained mutation: You are robust. (+10% HP) [Xom's grace]
 17082 | Lair:1   | Gained mutation: You are partially covered in icy blue
                  | scales. (AC +2) [Xom's grace]
 17082 | Lair:1   | Gained mutation: Your system is resistant to poisons.
                  | (rPois) [Xom's grace]
 17215 | Lair:1   | Noticed a death yak
 17226 | Lair:1   | XOM: summons 3 hostile shadow creatures
 17241 | Lair:1   | XOM: scenery: create altars
 17252 | Lair:1   | XOM: polymorph spriggan -> troll
 17353 | D:11     | XOM: give mutations
 17353 | D:11     | Lost mutation: Your system is resistant to poisons. (rPois)
                  | [Xom's mischief]
 17353 | D:11     | Lost mutation: You are robust. (+10% HP) [Xom's mischief]
 17365 | Lair:1   | Reached skill level 1 in Necromancy
 17453 | Lair:1   | XOM: polymorph bullfrog -> shapeshifter
 17456 | Lair:1   | XOM: divination: magic mapping
 17533 | Lair:1   | XOM: cast spell 'Death Channel'
 17608 | Lair:2   | Found a dark tunnel.
 17608 | Lair:2   | XOM: 4-stop teleportation journey
 17614 | Volcano  | Entered a volcano
 17681 | Volcano  | Identified the ring "Akafreur" {rElec Int+3 Slay+1 Stlth-}
                  | (You found it on level 1 of the Lair of Beasts)
 17745 | Volcano  | XOM: god gift: 27 stones
 17870 | Volcano  | XOM: blink monster(s)
 17894 | Volcano  | Found a burning altar of Makhleb.
 17894 | Volcano  | Noticed a centaur warrior
 17896 | Volcano  | XOM: blink monster(s)
 17902 | Volcano  | Killed a centaur warrior
 17902 | Volcano  | Noticed a hell knight
 17908 | Volcano  | Killed a hell knight
 17955 | Volcano  | XOM: smoke on damage
 18240 | Volcano  | XOM: stat loss: -1 Int (15/16)
 18430 | Lair:2   | Found a hole to the Spider Nest.
 18430 | Lair:2   | Noticed an orb spider
 18456 | Lair:2   | XOM: god gift: wand of clouds (7)
 18968 | Lair:2   | XOM: butterfly on damage
 18999 | Lair:2   | Reached XP level 12. HP: 14/53 MP: 2/18
 19153 | Lair:2   | XOM: god gift: 40 gold pieces
 19231 | Lair:2   | XOM: god gift: runed dagger {god gift}
 19247 | Lair:2   | XOM: cast spell 'Discord'
 19389 | Lair:3   | XOM: enchant monster (good)
 19390 | Lair:3   | XOM: polymorph water moccasin -> warg
 19487 | Lair:3   | XOM: divination: detect items
 19490 | Lair:3   | XOM: smoke on damage
 19492 | Lair:3   | Killed from afar by a steam dragon

Levels and vault maps discovered:
D:1:      saegor_arrival_simple_e, layout_loops_corners, serial_park_tiny_pond,
          serial_bayou_ford_a, serial_park_tiny_1
D:2:      layout_basic
D:3:      minmay_razor_zed, layout_basic
D:4:      layout_loops_cross, serial_shops, shop, first_ration,
          kennysheep_generic_room_13, uniq_pikel
D:5:      lemuel_ratsnest, layout_loops_cross,
          minmay_temple_entry_statues_fountains, minmay_misc_feat_iff
D:6:      cheibrodos_quashed, layout_loops_ring, lemuel_crystal_altar,
          uniq_sigmund, uniq_edmund
D:7:      layout_loops_ring
D:8:      wander_kiku_kobolds, layout_basic, gammafunk_temple_overflow_forgotten
D:9:      layout_loops_ring, david_orc_3, grunt_pizzeria, fedhas_altar_2
D:10:     layout_cave_pods, serial_shops, nicolae_shop_overgrown_old_shop
D:11:     layout_long_grid, lair_entry_dummy, serial_shops, shop
D:12:     layout_rooms, serial_shops, shop, uniq_erolcha, uniq_azrael,
          uniq_sonja, uniq_nergalle
D:13:     layout_loops_cross, gauntlet_entry_generic, hangedman_decor_lopped
D:14:     layout_irregular_city, erik_vaults_1, kennysheep_another_room
D:15:     gammafunk_depths_entry_grave, layout_irregular_city,
          minmay_ruined_shrine
Temple:   dpeg_five_rooms_temple
Lair:1:   layout_cave_pods, grunt_forest_large_clearing_hut,
          lemuel_fruit_fields, grunt_megastairs_2
Lair:2:   layout_small_grid, nicolae_spider_entry_orb_guardian,
          nicolae_volcano_entry_two_sided
Lair:3:   layout_cave_pods, lemuel_fruit_tree, minmay_lair_oklob_chamber,
          uniq_prince_ribbit2
Orc:1:    layout_caves, mines1_david

Skill      XL: |  1  2  3  4  5  6  7  8  9 10 11 12 |
---------------+-------------------------------------+-----
Unarmed Combat | 4 5 6 7 9 10 11 15 | 15.3
Evocations     | 3 |  3.0
Dodging        | 8 9 |  9.8
Stealth        | 12 10 14 | 14.9
Fighting       | 5 6 7 |  7.7
Translocations | 3 |  3.3
Spellcasting   | 3 |  3.8
Conjurations   | 3 |  3.7
Fire Magic     | 4 |  4.6
Necromancy     | 4 |  4.5

Action                   |  1- 3 |  4- 6 |  7- 9 | 10-12 || total
-------------------------+-------+-------+-------+-------++-------
Melee: Unarmed           |    73 |   186 |   505 |   890 ||  1654
       Bite              |     4 |    13 |    72 |   137 ||   226
       Punch             |       |     3 |    23 |    59 ||    85
       Headbutt          |       |     9 |    85 |    73 ||   167
 Cast: Mephitic Cloud    |       |       |       |     6 ||     6
       Vampiric Draining |       |       |       |     8 ||     8
       Blink             |       |       |       |    10 ||    10
       Conjure Flame     |       |       |       |     4 ||     4
       Animate Skeleton  |       |       |       |     5 ||     5
Evoke: Wand              |     2 |     4 |     2 |    17 ||    25
       Lightning rod     |       |     7 |     3 |    12 ||    22
  Use: Potion            |       |     2 |     1 |    12 ||    15
       Scroll            |       |     1 |       |    20 ||    21
 Stab: Sleeping          |     1 |     5 |    12 |    50 ||    68
       Paralysed         |     4 |     3 |     2 |     1 ||    10
       Confused          |       |       |     2 |    12 ||    14
       Petrifying        |       |       |     1 |       ||     1
       Distracted        |       |       |     2 |     2 ||     4
       Invisible         |       |       |       |     9 ||     9
  Eat: Chunk             |     6 |     6 |     4 |    38 ||    54
Armor: Skin              |     3 |     9 |    22 |    23 ||    57
Dodge: Dodged            |    42 |   116 |   361 |   884 ||  1403
Block: Other             |       |       |       |    64 ||    64

Table legend:
 A = Non-vault XP
 B = Vault XP
 C = Vault XP percentage of total XP
 D = Non-vault monster count
 E = Vault monster count
 F = Vault count percentage of total count
                 A         B        C        D         E       F
            +---------+---------+-------+---------+---------+-------
      Total |   39045 |   10607 |  21.4 |     409 |     129 |  24.0
            +---------+---------+-------+---------+---------+-------
        D:1 |      19 |       0 |   0.0 |       9 |       0 |   0.0
        D:2 |     140 |       0 |   0.0 |      28 |       0 |   0.0
        D:3 |      66 |      19 |  22.4 |      24 |      11 |  31.4
        D:4 |     315 |       3 |   0.9 |       8 |       2 |  20.0
        D:5 |     603 |     366 |  37.8 |      25 |      31 |  55.4
        D:6 |    1276 |     396 |  23.7 |      24 |       2 |   7.7
        D:7 |     823 |       0 |   0.0 |      25 |       0 |   0.0
        D:8 |    2131 |     579 |  21.4 |      14 |      50 |  78.1
        D:9 |    2992 |     380 |  11.3 |      40 |       7 |  14.9
       D:10 |    1323 |       0 |   0.0 |      30 |       0 |   0.0
       D:11 |    4940 |     320 |   6.1 |      41 |       2 |   4.7
       D:12 |    3444 |    2496 |  42.0 |      37 |       5 |  11.9
       D:13 |    7241 |       0 |   0.0 |      35 |       0 |   0.0
       D:14 |    4717 |       0 |   0.0 |      19 |       0 |   0.0
     Lair:1 |    3082 |     314 |   9.2 |      17 |       2 |  10.5
     Lair:2 |    4183 |       0 |   0.0 |      16 |       0 |   0.0
     Lair:3 |    1266 |       0 |   0.0 |       6 |       0 |   0.0
      Orc:1 |     484 |       0 |   0.0 |      11 |       0 |   0.0
    Volcano |       0 |    3434 | 100.0 |       0 |       8 | 100.0
   Gauntlet |       0 |    2300 | 100.0 |       0 |       9 | 100.0
            +---------+---------+-------+---------+---------+-------
